 Dungeon Crawl Stone Soup version 0.29-a0-1-gf2d273c862 (webtiles) character file.

Game seed: 5229788095331897288

53 Majang the Sneak (level 3, -2/16 HPs)
             Began as a Spriggan Enchanter on Jan 26, 2022.
             Was a Follower of Wu Jian.
             Slain by Grinder (5 damage)
             ... on level 3 of the Dungeon.
             The game lasted 00:08:56 (1819 turns).

Majang the Sneak (Spriggan Enchanter)               Turns: 1819, Time: 00:08:58

Health: -2/16      AC:  4    Str:  6    XL:     3   Next: 62%
Magic:  8/8        EV: 17    Int: 16    God:    Wu Jian [*.....]
Gold:   27         SH:  0    Dex: 15    Spells: 6/8 levels left

rFire   . . .      SeeInvis +   k - +2 dagger (holy)
rCold   . . .      Faith    .   (no shield)
rNeg    . . .      Spirit   .   b - +0 robe
rPois   .          Reflect  .   (helmet restricted)
rElec   .          Harm     .   d - +1 cloak
rCorr   .          Rampage  .   (gloves unavailable)
Will    .....                   (boots unavailable)
Stlth   +++.......              (no amulet)
HPRegen 0.05/turn               (no ring)
MPRegen 0.11/turn               (no ring)

@: very quick
A: very small, no large weapons, unfitting armour, see invisible, speed 3
a: Renounce Religion


You were on level 3 of the Dungeon.
You worshipped Wu Jian.
Wu Jian was aware of your devotion.
You visited 1 branch of the dungeon, and saw 3 of its levels.

You collected 127 gold pieces.
You spent 100 gold pieces at shops.

Inventory:

Hand Weapons
 a - a +1 dagger
 k - a +2 dagger of holy wrath (weapon)
Armour
 b - a +0 robe (worn)
 d - a +1 cloak (worn)
Scrolls
 e - a scroll of identify {unknown}
 f - 2 scrolls of fear {unknown}
 g - a scroll of enchant armour {unknown}
 h - a scroll of noise {unknown}
 l - a scroll of immolation {unknown}
Potions
 c - a potion of invisibility
 i - a potion of curing {unknown}
 j - a potion of haste {unknown}
 m - a potion of mutation {unknown}


   Skills:
 * Level 2.2 Short Blades
 - Level 2.6 Dodging
 + Level 5.0 Stealth
 + Level 3.2 Spellcasting
 + Level 4.1 Hexes
 + Level 0.6 Ice Magic


You had 6 spell levels left.
You knew the following spells:

 Your Spells              Type           Power      Damage    Failure   Level
a - Ensorcelled Hibernat  Hex/Ice        20%        N/A       11%         2

Your spell library contained the following spells:

 Spells                   Type           Power      Damage    Failure   Level
 Confusing Touch          Hex            15%        N/A       10%         3
 Tukima's Dance           Hex            15%        N/A       10%         3
 Summon Small Mammal      Summ           8%         N/A       19%         1
 Dazzling Flash           Conj/Hex       18%        N/A       24%         3
 Summon Guardian Golem    Hex/Summ       9%         N/A       24%         3
 Call Canine Familiar     Summ           2%         N/A       50%         3
 Anguish                  Hex/Necr       4%         N/A       61%         4
 Enfeeble                 Hex            7%         N/A       100%        7


Dungeon Overview and Level Annotations

Branches:
Dungeon (3/15)

Altars:
Wu Jian

Shops:
D:2 (

Annotations:
D:3 Grinder


Innate Abilities, Weirdness & Mutations

You are very small and have problems with some larger weapons.
You are too small for most types of armour.
You have supernaturally acute eyesight. (SInv)
You cover ground extremely quickly. (Speed+++)


Message History

Confirm with . or Enter, or press ? or * to list all spells.
Aiming: Ensorcelled Hibernation (safe; 11% risk of failure)
Press: ? - help, Shift-Dir - straight line, f - adder
Aim: an adder (chance to affect: 52%)
The adder looks drowsy...
You lunge at the adder.
The helpless adder fails to defend itself.
You impale the adder!!
You kill the adder!
The Council accepts your kill.
There is an open door here.
You open the door.
There is an open door here.
Grinder shouts!
Unknown command.
You hit Grinder but do no damage.
Grinder says, "Don't move a muscle."
Grinder closely misses you.
Casting: Ensorcelled Hibernation (safe; 11% risk of failure)
Confirm with . or Enter, or press ? or * to list all spells.
You can't see any susceptible monsters within range! (Use Z to cast anyway.) Unknown command.
You hit Grinder.
Grinder convulses.
Grinder is lightly wounded.
Grinder hits you.
You hit Grinder but do no damage.
Grinder is lightly wounded.
You hit Grinder.
Grinder convulses.
Grinder is moderately wounded.
Grinder misses you.
You hit Grinder.
Grinder convulses.
Grinder is heavily wounded.
Grinder misses you.
You barely miss Grinder.
Grinder is heavily wounded.
Grinder hits you!
Ouch! That really hurt!
* * * LOW HITPOINT WARNING * * *
You writhe in agony.
You die...

..# ##...## #.#
#.# ### ##'## #.##
##.# #.# ##.###.##
####.### ##...##
#......# ##.##
#.#....# #.#
#......# #.#
#.#....#######.#
#.#@...........#
#...5..#.#########
###......#
########


You could see Grinder.

Vanquished Creatures
  2 adders
  A dart slug (D:1)
  A worm (D:2)
  7 bats
  An endoplasm (D:1)
  A giant cockroach (D:2)
  2 goblins
  4 hobgoblins
  A quokka (D:2)
  3 ball pythons
  A frilled lizard (D:1)
  4 kobolds
  3 rats (D:1)
31 creatures vanquished.

Notes
Turn   | Place    | Note
-------+----------+-------------------------------------------
     0 | D:1      | Majang the Spriggan Enchanter began the quest for the Orb.
     0 | D:1      | Reached XP level 1. HP: 9/9 MP: 5/5
   475 | D:1      | Reached XP level 2. HP: 13/13 MP: 6/6
   478 | D:1      | Learned a level 2 spell: Ensorcelled Hibernation
   603 | D:1      | You fall into a shaft and drop 1 floor!
   603 | D:2      | Found Dainag's Antique Weapon Shop.
  1050 | D:2      | Found a faded altar of an unknown god.
  1057 | D:2      | Reached XP level 3. HP: 16/16 MP: 5/8
  1086 | D:2      | Prayed at the altar of an unknown god.
  1086 | D:2      | Became a worshipper of the Wu Jian Council
  1086 | D:2      | Reached * piety under Wu Jian
  1377 | D:2      | Reached skill level 5 in Stealth
  1534 | D:2      | Bought a runed dagger for 100 gold pieces
  1773 | D:3      | Noticed Grinder
  1819 | D:3      | Slain by Grinder

Illustrated notes

Levels and vault maps discovered:
D:1:      dpeg_arrival_tiny_h, layout_loops_corners
D:2:      layout_rooms, hellmonk_ecumenical_altar_run_dry, serial_shops, shop
D:3:      layout_loops_corners, vehumet_crystals, uniq_grinder, uniq_jessica

Skill      XL: |  1  2  3 |
---------------+----------+-----
Spellcasting   | 3 |  3.2
Hexes          | 4 |  4.1
Short Blades   | 2 |  2.2
Stealth        | 5 |  5.0
Dodging        | |  2.6
Ice Magic      | |  0.6

Action                   || total
-------------------------++-------
Melee: Dagger            ||    85
       Punch             ||     1
 Cast: Ensorcelled Hiber ||    16
Invok: Lunge             ||     6
       Whirlwind         ||     2
 Stab: Sleeping          ||    18
Armor: Robe              ||    11
Dodge: Dodged            ||    50

Table legend: (Time is in decaauts)
 A = Elapsed time spent in this place.
 B = Non-inter-level travel time spent in this place.
 C = Inter-level travel time spent in this place.
 D = Time resting spent in this place.
 E = Time spent auto-exploring this place.
 F = Levels seen in this place.
 G = Mean time per level.
                   A        B        C        D        E       F      G
               +--------+--------+--------+--------+--------+-----+--------+
         Total |   1317 |   1301 |     16 |    360 |    678 |   3 |  439.0 |
       Dungeon |   1317 |   1301 |     16 |    360 |    678 |   3 |  439.0 |
               +--------+--------+--------+--------+--------+-----+--------+

Top non-repeatable levels by time:
     D:1: 734 daAuts
     D:2: 490 daAuts
     D:3: 92 daAuts
